 Dungeon Crawl Stone Soup version 0.29-a0-925-g0a7a3d12f8 (webtiles) character file.

Game seed: 14658863003487690058

368 nicolae the Changer (level 6, -4/43 HPs)
             Began as a Demonspawn Transmuter on July 29, 2022.
             Splashed by a jelly's acid (11 damage)
             ... on level 4 of the Dungeon.
             The game lasted 00:07:23 (6884 turns).

nicolae the Changer (Demonspawn Transmuter)         Turns: 6884, Time: 00:07:24

Health: -4/43      AC: -10   Str:  8 (10) XL:     6   Next: 41%
Magic:  18/18      EV: 12    Int: 15 (16) God:
Gold:   145        SH:  0    Dex: 11 (14) Spells: 3/9 levels left

rFire   . . .      SeeInvis .     - Unarmed
rCold   + . .      Faith    .   (no shield)
rNeg    . . .      Spirit   .   a - +0 robe
rPois   .          Reflect  .   (helmet currently unavailable)
rElec   .          Harm     .   (no cloak)
rCorr   .          Rampage  .   (no gloves)
Will    .....                   (boots currently unavailable)
Stlth   +.........              (no amulet)
HPRegen 0.14/turn               f - ring of magical power
MPRegen 0.16/turn               r - ring of protection from cold

@: appendages, corroded
A: talons 2, horns 1
a: End Transformation


You were on level 4 of the Dungeon.
You had temporarily grown beastly talons.
You visited 1 branch of the dungeon, and saw 4 of its levels.

You collected 145 gold pieces.

Inventory:

Missiles
 d - 4 curare-tipped darts
 e - 4 boomerangs
 i - 6 poisoned darts
 p - 2 datura-tipped darts
Armour
 a - a +0 robe (worn)
 h - a +2 pair of boots (melded)
Jewellery
 f - a ring of magical power (left hand)
 r - a ring of protection from cold (right hand)
Scrolls
 g - a scroll of noise {unknown}
 j - a scroll of teleportation {unknown}
 k - a scroll of identify
 n - a scroll of fear {unknown}
 q - a scroll of silence {unknown}
 s - 2 scrolls of amnesia {unknown}
Potions
 b - a potion of lignification
 c - 3 potions of magic
 l - a potion of invisibility {unknown}
 m - 2 potions of flight {unknown}
 o - a potion of might {unknown}
 t - 2 potions of attraction


   Skills:
 - Level 1.0 Fighting
 - Level 1.7 Dodging
 - Level 2.6 Unarmed Combat
 - Level 2.0 Spellcasting
 - Level 5.0 Transmutations
 + Level 3.9 Poison Magic


You had 3 spell levels left.
You knew the following spells:

 Your Spells              Type           Power      Damage    Failure   Level
a - Beastly Appendage     Tmut           32%        N/A       2%          1
b - Wereblood             Tmut           16%        N/A       4%          2
c - Spider Form           Tmut/Pois      14%        N/A       11%         3

Your spell library contained the following spells:

 Spells                   Type           Power      Damage    Failure   Level
 Apportation              Tloc           2%         N/A       22%         1
 Ice Form                 Ice/Tmut       9%         N/A       61%         4
 Summon Lightning Spire   Summ/Air       1%         N/A       91%         4
 Storm Form               Tmut/Air       4%         N/A       100%        7
 Maxwell's Capacitive Co  Air            0%         ∞         100%        8


Dungeon Overview and Level Annotations

Branches:
Dungeon (4/15)
 Temple: D:4-7

Altars:


Innate Abilities, Weirdness & Mutations

You have temporarily grown beastly talons.
You have a pair of small horns on your head.


Message History

Things that are here:
a +0 club; a +0 leather armour; an orc corpse
Found a scroll labelled CILUMUCINE.
A jelly comes into view.
The jelly quivers.
The jelly attacks as you move away! The jelly hits you.
You are splashed with acid!
You see here a scroll labelled CILUMUCINE.
Casting: Beastly Appendage (safe; 2% risk of failure)
Press: ? - help, Q - select action, (/) - cycle Dir - look around, f - activate Your feet morph into talons.
Your +2 pair of boots melds into your body.
The jelly barely misses you.
You hit the jelly but do no damage. The acid corrodes you!
Your hands burn!
The jelly barely misses you.
You barely miss the jelly. You claw the jelly.
The jelly is moderately wounded.
The jelly hits you. The acid corrodes you!
You are splashed with acid!
You hit the jelly but do no damage.
Your hands burn!
You claw the jelly. You headbutt the jelly.
The jelly is severely wounded.
The jelly jiggles.
The jelly misses you.
You hit the jelly but do no damage.
Your hands burn!
You claw the jelly, but do no damage.
The jelly is severely wounded.
The jelly barely misses you.
You barely miss the jelly.
The jelly is severely wounded.
The jelly hits you.
You are splashed with acid!
* * * LOW HITPOINT WARNING * * *
You hit the jelly but do no damage. The acid corrodes you!
Your hands burn!
* * * LOW HITPOINT WARNING * * *
You claw the jelly, but do no damage.
You headbutt the jelly, but do no damage.
The jelly is severely wounded.
The jelly hits you.
* * * LOW HITPOINT WARNING * * *
The acid corrodes you!
You are splashed with acid!
You die...

#.# ##.##
####
##...##...#
##..........
#...........
#...........
#...........
##..J.......
##@..##...#
##### ####


You could see a jelly.

Vanquished Creatures
  A scorpion (D:4)
  A jelly (D:4)
  A hound (D:4)
  An orc priest (D:4)
  Jessica (D:2)
  An iguana (D:4)
  Natasha (twice) (D:3)
  3 adders
  A worm (D:4)
  5 dart slugs
  4 orcs (D:4)
  7 ball pythons
  6 bats
  9 endoplasms
  3 giant cockroaches (D:1)
  9 goblins
  3 hobgoblins
  3 jackals (D:1)
  3 kobolds
  4 quokkas
  2 frilled lizards
  3 rats
73 creatures vanquished.

Notes
Turn   | Place    | Note
-------+----------+-------------------------------------------
     0 | D:1      | nicolae the Demonspawn Transmuter began the quest for the
                  | Orb.
     0 | D:1      | Reached XP level 1. HP: 15/15 MP: 3/3
    76 | D:1      | Reached skill level 2 in Transmutations
   376 | D:1      | Gained mutation: You have a pair of small horns on your
                  | head. [demonic ancestry]
   376 | D:1      | Reached XP level 2. HP: 17/21 MP: 5/5
   942 | D:1      | Found a faded altar of an unknown god.
   955 | D:1      | Got Plato's Catalogue of Superposition
  1241 | D:1      | Reached skill level 3 in Transmutations
  1257 | D:1      | Learned a level 2 spell: Wereblood
  1398 | D:1      | Reached XP level 3. HP: 17/26 MP: 6/6
  2296 | D:2      | Noticed Jessica
  2306 | D:2      | Killed Jessica
  2307 | D:2      | Reached skill level 4 in Transmutations
  2307 | D:2      | Reached XP level 4. HP: 17/32 MP: 7/7
  3058 | D:2      | Learned a level 3 spell: Spider Form
  3461 | D:3      | Noticed Natasha
  3468 | D:3      | Killed Natasha
  3790 | D:3      | Noticed Natasha
  3813 | D:3      | Killed Natasha
  3814 | D:3      | Reached XP level 5. HP: 16/37 MP: 8/8
  4465 | D:3      | Reached skill level 5 in Transmutations
  4782 | D:4      | Reached skill level 1 in Poison Magic
  5317 | D:4      | Reached XP level 6. HP: 21/43 MP: 9/9
  6884 | D:4      | Splashed by a jelly's acid

Illustrated notes

Levels and vault maps discovered:
D:1:      dpeg_arrival_solitude, layout_basic,
          shapermc_ecumenical_altar_rom_forum, minmay_3d_cube
D:2:      layout_loops_ring, minmay_misc_feat_columns, grunt_decor_clamped,
          dk_vineyard_3, uniq_jessica
D:3:      layout_basic, nrook_mini_vaults, roderic_lattice_a,
          minmay_misc_feat_alley, grunt_ministairs_15, chequers_garden,
          nicolae_elevator_lobby_asterisk, uniq_natasha
D:4:      layout_rooms, serial_glass, glass_columns_c, glass_columns_b,
          uniq_ijyb

Skill      XL: |  1  2  3  4  5  6 |
---------------+-------------------+-----
Transmutations | 2 3 4 5 |  5.0
Poison Magic   | 2 3 |  3.9
Fighting       | |  1.0
Dodging        | |  1.7
Unarmed Combat | |  2.6
Spellcasting   | |  2.0

Action                   |  1- 3 |  4- 6 || total
-------------------------+-------+-------++-------
Melee: Unarmed           |    78 |   168 ||   246
       Headbutt          |    11 |    29 ||    40
       Kick              |    19 |    38 ||    57
       Punch             |     2 |     2 ||     4
Throw: Boomerang         |       |     2 ||     2
 Cast: Beastly Appendage |    22 |    29 ||    51
       Wereblood         |       |     1 ||     1
       Spider Form       |       |     1 ||     1
  Use: Scroll            |       |     3 ||     3
       Potion            |       |     7 ||     7
 Stab: Sleeping          |       |     1 ||     1
Armor: Robe              |    14 |    35 ||    49
       Skin              |       |    16 ||    16
Dodge: Dodged            |    39 |   110 ||   149

Table legend: (Time is in decaauts)
 A = Elapsed time spent in this place.
 B = Non-inter-level travel time spent in this place.
 C = Inter-level travel time spent in this place.
 D = Time resting spent in this place.
 E = Time spent auto-exploring this place.
 F = Levels seen in this place.
 G = Mean time per level.
                   A        B        C        D        E       F      G
               +--------+--------+--------+--------+--------+-----+--------+
         Total |   6900 |   6816 |     84 |   2769 |   3375 |   4 | 1725.0 |
       Dungeon |   6900 |   6816 |     84 |   2769 |   3375 |   4 | 1725.0 |
               +--------+--------+--------+--------+--------+-----+--------+

Top non-repeatable levels by time:
     D:4: 2131 daAuts
     D:1: 2070 daAuts
     D:3: 1699 daAuts
     D:2: 998 daAuts
